 Dungeon Crawl Stone Soup version 0.24.0-37-gcf1ca852f1 (webtiles) character file.

Game seed: 7304384733904621595, levelgen mode: deterministic

704 Descartes the Ducker (level 7, -1/32 HPs)
             Began as a Felid Warper on Dec 8, 2019.
             Slain by a troll (12 damage)
             ... on level 5 of the Dungeon.
             The game lasted 00:26:45 (13826 turns).

Descartes the Ducker (Felid Warper)                Turns: 13826, Time: 00:26:46

Health: -1/32      AC:  2    Str:  9    XL:     7   Next: 39%
Magic:  11/11      EV: 24    Int: 14    God:
Gold:   345        SH:  0    Dex: 16    Spells: 3/10 levels left
                                        Lives:  0   Deaths: 2

rFire    . . .     SeeInvis +     - Unarmed
rCold    . . .     Gourm    .   (shield unavailable)
rNeg     . . .     Faith    .   (armour unavailable)
rPois    .         Spirit   .   (helmet unavailable)
rElec    .         Reflect  .   (cloak unavailable)
rCorr    .         Harm     .   (gloves unavailable)
MR       +....                  (boots unavailable)
Stlth    +++.......             (no amulet)
HPRegen  0.10/turn              k - +1 ring of evasion
MPRegen  0.12/turn              (no ring)

@: quick
A: very small, no armour, no weapons or thrown items, stealth, claws 1, fangs 3,
see invisible, carnivore, speed 1, shaggy fur 2, slow metabolism 1, sharp paws
a: no special abilities


You were on level 5 of the Dungeon.
You were not hungry.

You visited 2 branches of the dungeon, and saw 7 of its levels.

You collected 345 gold pieces.

Inventory:

Hand Weapons
 l - a +0 halberd
Missiles
 e - 158 stones
 m - 94 arrows
Jewellery
 k - a +1 ring of evasion (left paw)
 w - a +4 amulet of reflection
 y - a cursed amulet of inaccuracy {unknown}
Wands
 r - a wand of flame (5)
Scrolls
 a - a scroll of noise
 b - a scroll of blinking
 f - 2 scrolls of enchant armour
 n - 3 scrolls of amnesia
 q - 3 scrolls of fog {unknown}
 s - 3 scrolls of teleportation
 z - a scroll of summoning {unknown}
Potions
 d - a potion of berserk rage {unknown}
 g - a potion of degeneration {unknown}
 h - a potion of ambrosia
 i - 4 potions of brilliance
 j - 2 potions of heal wounds
 o - 2 potions of curing {unknown}
 p - a potion of magic
 t - 2 potions of flight {unknown}
 u - a potion of might
 v - a potion of invisibility {unknown}
 x - a potion of agility {unknown}
Comestibles
 c - 11 rations


   Skills:
 + Level 4.3 Fighting
 * Level 7.8 Dodging
 - Level 5.0 Stealth
 * Level 5.8 Unarmed Combat
 - Level 2.0 Spellcasting
 - Level 2.0 Charms
 - Level 5.0 Translocations


You had 3 spell levels left.
You knew the following spells:

 Your Spells              Type           Power        Failure   Level  Hunger
a - Blink                 Tloc           N/A          4%          2    ###....
b - Shroud of Golubria    Chrm/Tloc      ##....       9%          2    ###....
c - Teleport Other        Tloc           ###.....     9%          3    ####...

Your spell library contained the following spells:

 Spells                   Type           Power        Failure   Level  Hunger
 Gell's Gravitas          Tloc           ###.......   9%          3    ####...
 Lesser Beckoning         Tloc           ###.......   9%          3    ####...
 Summon Small Mammal      Summ           #...         24%         1    ##.....
 Call Imp                 Summ           #.......     34%         2    ###....
 Call Canine Familiar     Summ           #.......     56%         3    ####...
 Summon Guardian Golem    Hex/Summ       #.......     56%         3    ####...
 Passage of Golubria      Tloc           N/A          30%         4    #####..
 Summon Ice Beast         Ice/Summ       #.......     93%         4    #####..
 Summon Lightning Spire   Summ/Air       #.......     93%         4    #####..


Dungeon Overview and Level Annotations

Branches:
Dungeon (6/15)             Temple (1/1) D:4

Altars:
Ashenzari
Cheibriados
Elyvilon
Fedhas
Gozag
Kikubaaqudgha
Makhleb
Nemelex Xobeh
Okawaru
Qazlal
Sif Muna
Trog
Uskayaw
Vehumet
Wu Jian
Xom
Yredelemnul
Zin
The Shining One

Annotations:
D:5 1 runed translucent door, execc's ghost, novice OpBe


Innate Abilities, Weirdness & Mutations

You cannot wear armour.
You are incapable of wielding weapons or throwing items.
Your paws allow you to move quietly. (Stealth)
You have sharp claws.
You have razor-sharp teeth.
You have supernaturally acute eyesight. (SInv)
You are carnivorous and can eat meat at any time.
You cover ground quickly.
You are covered in thick fur. (AC +2)
You have a slow metabolism.
Your sharp claws are effective at attacking unaware monsters.


Message History

Magic restored.
Your shroud unravels.
You see here a robe.
You see here a robe.
There is a stone staircase leading up, spattered with blood here.
You see here 5 poisoned darts.
You see here a poisoned dart.
You see here a +0 leather armour.
You see here a +0 leather armour.
You see here 12 sling bullets.
You see here a scale mail.
You see here a scroll of immolation.
The troll is too close now for your liking.
The troll shouts!
The troll bites you. The troll claws you! x2
You are too injured to fight recklessly!
You are too injured to fight recklessly!
You are too injured to fight recklessly!
You closely miss the troll. Your bite misses the troll. The troll bites you!
You die...

# ##.....#
#.....##.## #.....##
#....####.## ##....##
#....# #..## #....##
#....# ##..# ##...##
#....# ##.## ##...##
##...## ##.## ##..###
#....# ##.### #).##
#..T.#########...###
>[##
#..@.#.............#
.##
#...#.............#.
##
#.................##
#
#....<............##
#.................>#
###
#..#...[...........#
..######
#..#..............<#
#......##
#..#...............#
........#
##..#...............#


You could see a troll.

Vanquished Creatures
  A sky beast (D:5)
  A phantom (D:3)
  An ogre (D:4)
  A centaur (D:5)
  3 scorpions
  2 crimson imps
  A hound (D:4)
  A bullfrog skeleton (D:4)
  An orc priest (D:4)
  An iguana (D:4)
  5 orc wizards
  4 worker ants
  A hound zombie (D:5)
  Robin (D:1)
  8 gnolls
  7 adders
  2 shadow imps
  2 oozes
  5 worms
  A dart slug (D:1)
  3 leopard geckos
  19 orcs
  A ball python (D:4)
  4 bats
  2 giant cockroaches
  8 hobgoblins
  4 jackals
  2 quokkas
  3 frilled lizards
  16 goblins
  5 kobolds
  A quokka skeleton (D:5)
  A quokka zombie (D:6)
  9 rats
127 creatures vanquished.

Notes
Turn   | Place    | Note
-------+----------+-------------------------------------------
     0 | D:1      | Descartes the Felid Warper began the quest for the Orb.
     0 | D:1      | Reached XP level 1. HP: 9/9 MP: 4/4
   578 | D:1      | Reached XP level 2. HP: 3/13 MP: 6/6
   828 | D:1      | Learned a level 2 spell: Blink
   831 | D:1      | Learned a level 2 spell: Shroud of Golubria
  1510 | D:1      | Reached skill level 1 in Stealth
  1768 | D:1      | Reached XP level 3. HP: 7/16 MP: 4/7
  1949 | D:2      | Noticed Robin
  1973 | D:1      | Killed Robin
  1973 | D:1      | Reached skill level 4 in Dodging
  2412 | D:2      | Found a blossoming altar of Fedhas.
  3012 | D:2      | Reached XP level 4. HP: 20/20 MP: 5/8
  3031 | D:2      | HP: 1/20 [gnoll/+0 spear (12)]
  4119 | D:3      | Reached skill level 5 in Translocations
  4214 | D:2      | Found a blossoming altar of Fedhas.
  4488 | D:3      | Found a glowing golden altar of the Shining One.
  4911 | D:3      | Reached XP level 5. HP: 23/23 MP: 9/9
  5863 | D:4      | Reached skill level 5 in Dodging
  5863 | D:4      | Reached skill level 1 in Charms
  6730 | D:4      | Gained mutation: You are covered in thick fur. (AC +2)
                  | [Felid growth]
  6730 | D:4      | Reached XP level 6. HP: 17/28 MP: 8/10
  6914 | D:4      | Learned a level 3 spell: Teleport Other
  7294 | D:3      | Slain by a phantom
  7295 | D:3      | Reached XP level 5. HP: -2/24 MP: 9/9
  7550 | D:3      | Killed a phantom
  7692 | D:4      | Reached XP level 6. HP: 28/28 MP: 10/10
  7979 | D:3      | Reached skill level 6 in Dodging
  8179 | D:4      | Found a staircase to the Ecumenical Temple.
  8542 | Temple   | Entered the Ecumenical Temple
  8811 | D:4      | Found an ancient bone altar of Kikubaaqudgha.
  9423 | D:5      | Entered Level 5 of the Dungeon
  9698 | D:5      | Reached XP level 7. HP: 31/31 MP: 8/11
  9822 | D:5      | Noticed a troll
 10194 | D:5      | Reached skill level 5 in Unarmed Combat
 11189 | D:4      | Reached skill level 7 in Dodging
 11922 | D:5      | Shot with an arrow by a centaur
 11923 | D:5      | Reached XP level 6. HP: -2/28 MP: 9/10
 11925 | D:5      | Noticed a sky beast
 11943 | D:5      | HP: 1/28 [sky beast (6)]
 12342 | D:5      | Killed a sky beast
 12345 | D:5      | Reached XP level 7. HP: 21/32 MP: 11/11
 12427 | D:5      | Reached skill level 5 in Stealth
 12554 | D:5      | Found a runed translucent door.
 12556 | D:5      | Noticed execc's ghost (novice OpBe)
 12996 | D:6      | Found a shattered altar of Ashenzari.
 13368 | D:5      | Found a runed translucent door.
 13826 | D:5      | Slain by a troll

Levels and vault maps discovered:
D:1:      mrwooster_arrival_statue_3, layout_loops_corners
D:2:      layout_basic, overflow_temple_1_default, minmay_octomino_j4,
          uniq_robin
D:3:      layout_basic, tso_altar
D:4:      layout_layer_cave, kiku_gazebo_garden_becter, temple_fountains
D:5:      cheibrodos_fzero, layout_cave_pods, ebering_ghost_reflecting_pool,
          first_ration
D:6:      layout_loops_ring, nicolae_overflow_crystal_walls,
          nicolae_ashenzari_panopticon, uniq_edmund
Temple:   regret_index_temple_generic_petals

Skill      XL: |  1  2  3  4  5  6  7 |
---------------+----------------------+-----
Stealth        | 1 2 3 4 5 |  5.0
Dodging        | 4 5 6 7 |  7.8
Unarmed Combat | 3 4 5 |  5.8
Translocations | 5 |  5.0
Charms         | 1 2 |  2.0
Fighting       | 3 4 |  4.3
Spellcasting   | |  2.0

Action                   |  1- 3 |  4- 6 |  7- 9 || total
-------------------------+-------+-------+-------++-------
Melee: Unarmed           |   126 |   348 |   146 ||   620
       Bite              |    17 |    41 |    19 ||    77
       Punch             |       |     7 |     1 ||     8
 Cast: Shroud of Golubri |     8 |    29 |    13 ||    50
       Blink             |       |     2 |     1 ||     3
  Use: Scroll            |     2 |     8 |     1 ||    11
       Potion            |       |     2 |       ||     2
 Stab: Sleeping          |     5 |    12 |     1 ||    18
       Distracted        |       |     1 |       ||     1
  Eat: Chunk             |    12 |    22 |     8 ||    42
Armor: Skin              |    10 |     9 |     4 ||    23
Dodge: Dodged            |   132 |   294 |   154 ||   580
